 Dungeon Crawl Stone Soup version 0.17.1-3-g152610e (webtiles) character file.

352 Urist the Shield-Bearer (level 6, -1/55 HPs)
             Began as a Hill Orc Fighter on Apr 6, 2016.
             Slain by an ogre
             ... wielding a +0 giant club
              (23 damage)
             ... on level 4 of the Dungeon.
             The game lasted 00:12:48 (3264 turns).

Urist the Shield-Bearer (Hill Orc Fighter)          Turns: 3264, Time: 00:12:49

Health: -1/55      AC: 11    Str: 23    XL:     6   Next: 62%
Magic:  6/6        EV:  8    Int:  8    God:    Xom [......]
Gold:   103        SH: 10    Dex: 10    Spells: 0 memorised, 5 levels left

rFire  . . .     SeeInvis .     a - +1 war axe
rCold  . . .     Clarity  .     b - +0 scale mail
rNeg   . . .     SustAt   .     c - +0 shield
rPois  .         Gourm    .     (no helmet)
rElec  .         Spirit   .     g - +1 cloak {Wizards & Doors}
rCorr  .         Warding  .     (no gloves)
rMut   .         Rnd*Tele +     (no boots)
MR     .....                    (no amulet)
Stlth  ..........               (no ring)
                                (no ring)

@: not resistant to hostile enchantments, extremely unstealthy
A: yellow scales 1, breathe flames 1, strong 1, teleportitis 1, subdued magic 1
a: Renounce Religion, Breathe Fire


You were on level 4 of the Dungeon.
You worshipped Xom.
You were a very special plaything of Xom.
You were not hungry.

You visited 1 branch of the dungeon, and saw 4 of its levels.

You collected 103 gold pieces.

Inventory:

Hand Weapons
 a - a +1 war axe (weapon)
Armour
 b - a +0 scale mail (worn)
 c - a +0 shield (worn)
 g - a +1 cloak (worn) {Wizards & Doors}
Jewellery
 l - an uncursed ring of ice {unknown}
 r - a +3 ring of dexterity {unknown}
Scrolls
 f - 3 scrolls of remove curse
 h - a scroll of fog
 k - a scroll of teleportation
 p - a scroll of enchant weapon
Potions
 d - a potion of cancellation {unknown}
 i - a potion of heal wounds
 j - a potion of agility
 n - a potion of invisibility {unknown}
Comestibles
 e - a bread ration
 m - 3 meat rations


   Skills:
 + Level 4.8 Fighting
 + Level 4.2 Axes
 + Level 4.8 Armour
 + Level 1.6 Dodging
 + Level 5.0 Shields


You had 5 spell levels left.
You didn't know any spells.

Dungeon Overview and Level Annotations

Branches:
Dungeon (4/15)
 Temple: D:4-7

Altars:
Ashenzari
Cheibriados
Ru
Sif Muna
Trog
Xom
Yredelemnul

Annotations:
D:3 Wizards and doors


Innate Abilities, Weirdness & Mutations

You are partially covered in yellow scales (AC +2).
You can breathe flames.
Your muscles are strong. (Str +2)
You are occasionally teleported next to monsters.
Your spells are a little easier to cast, but a little less powerful.


Message History

You completely miss the ogre. The ogre closely misses you.
You barely miss the ogre. You block the ogre's attack.
The ogre closely misses you.
You hit the ogre.
The ogre is moderately wounded.
The ogre hits you with a giant club!!
You slash the ogre!
The ogre is heavily wounded.
You block the ogre's attack.
You hit the ogre.
The ogre is heavily wounded.
The ogre hits you with a giant club.
You barely miss the ogre.
The ogre is heavily wounded.
The ogre hits you with a giant club!
You completely miss the ogre.
The ogre is heavily wounded.
The ogre hits you with a giant club!!
You die...
Xom cackles wildly!

##########
#.@O.....#
#.######.# #######
#.#
#.....#######.#####
#.##..............#
#.#...#######(###.#
#..<...# #.###.#
#.#...## #.#...##.#
###.##.##
#......<.#


You could see an ogre.

Vanquished Creatures
  A phantom (D:3)
  A giant frog (D:3)
  Jessica (D:3)
  5 gnolls
  5 adders
  An ooze (D:1)
  An adder skeleton (D:4)
  3 worms (D:2)
  An orc (D:3)
  A ball python (D:2)
  2 giant cockroaches
  7 hobgoblins
  6 jackals
  A quokka (D:4)
  5 bats
  2 giant geckos (D:3)
  4 giant newts
  7 goblins
  12 kobolds
  9 rats
75 creatures vanquished.

Vanquished Creatures (others)
  A giant gecko (D:1)
1 creature vanquished.

Grand Total: 76 creatures vanquished

Notes
Turn   | Place    | Note
--------------------------------------------------------------
     0 | D:1      | Urist the Hill Orc Fighter began the quest for the Orb.
     0 | D:1      | Reached XP level 1. HP: 19/19 MP: 1/1
   108 | D:1      | Reached XP level 2. HP: 27/27 MP: 2/2
   166 | D:1      | Gained mutation: You are partially covered in yellow scales (AC +2). [potion of mutation]
   166 | D:1      | Gained mutation: Your muscles are strong. (Str +2) [potion of mutation]
   166 | D:1      | Gained mutation: Your spells are a little easier to cast, but a little less powerful. [potion of mutation]
   222 | D:1      | Reached XP level 3. HP: 29/33 MP: 3/3
   361 | D:1      | Reached skill level 4 in Fighting
  1114 | D:2      | Found a basalt altar of Yredelemnul.
  1114 | D:2      | Found a shattered altar of Ashenzari.
  1121 | D:2      | Found a sacrificial altar of Ru.
  1121 | D:2      | Found a bloodstained altar of Trog.
  1124 | D:2      | Found a shimmering altar of Xom.
  1124 | D:2      | Found a deep blue altar of Sif Muna.
  1125 | D:2      | Found a snail-covered altar of Cheibriados.
  1135 | D:2      | Became a worshipper of Xom of Chaos
  1179 | D:2      | Reached XP level 4. HP: 29/40 MP: 4/4
  1915 | D:3      | Noticed Jessica
  1918 | D:3      | XOM: harmless Trmt miscast
  1925 | D:3      | XOM: harmless Divn miscast
  1933 | D:3      | Killed Jessica
  1933 | D:3      | Reached XP level 5. HP: 42/47 MP: 5/5
  1968 | D:3      | Noticed a giant frog
  1977 | D:3      | Noticed a phantom
  1978 | D:3      | XOM: harmless Fire miscast
  1982 | D:3      | Killed a giant frog
  1982 | D:3      | Reached skill level 1 in Dodging
  2020 | D:3      | XOM: medium Ice miscast
  2028 | D:3      | Killed a phantom
  2028 | D:3      | Reached XP level 6. HP: 21/53 MP: 6/6
  2047 | D:3      | XOM: give mutations
  2047 | D:3      | Gained mutation: You can breathe flames. [Xom's mischief]
  2047 | D:3      | Gained mutation: You are occasionally teleported next to monsters. [Xom's mischief]
  2461 | D:3      | XOM is BORED!
  2461 | D:3      | XOM: mild Tloc miscast
  2537 | D:3      | XOM: confusion (+ monsters)
  2611 | D:3      | Reached skill level 5 in Shields
  3264 | D:4      | Slain by an ogre

Action                   |  1- 3 |  4- 6 || total
-------------------------+-------+-------++-------
Melee: War axe           |   111 |   140 ||   251
  Use: Scroll            |     6 |     3 ||     9
       Potion            |     3 |     3 ||     6
  Eat: Meat ration       |     1 |     1 ||     2
       Beef jerky        |       |     1 ||     1
